Map: Temple gelé

Players

zidar

  • Race: Zerg Zerg
  • League: Gold
  • Spawn Location: 5:00

patriarch - Winner!

  • Race: Zerg Zerg
  • League: Silver
  • Spawn Location: 11:00

VOD

Have the link to the VOD?

Description

Time

  • Played on: May 20, 2016, 12:31 p.m.
  • Length: 21:59
Show
View Real Time Build Order
Export as new Build Order

zidar Zerg 

Build Orders: Pool First 

Get SALT Encoding   

  12  0:01  Drone  
  13  0:10  Extractor  
  12  0:28  Spawning Pool  
  11  0:30  Drone  
  12  0:40  Overlord  
  12  1:14  Queen  
  12  1:16  Zergling x6  
  17  1:27  Metabolic Boost  
  17  1:32  Zergling x2  
  18  1:45  Zergling x2  
  19  1:50  Overlord  
  19  2:02  Zergling x2  
  20  2:14  Zergling x2  
  21  2:21  Zergling x2  
  17  3:08  Zergling x6  
  19  3:13  Hatchery  
  18  3:27  Drone  
  19  3:37  Drone x4  
  22  3:49  Overlord  
  22  3:59  Roach Warren  
  21  4:06  Overlord  
  21  4:07  Queen  
  21  4:08  Overlord  
  23  4:17  Extractor  
  22  4:43  Drone x8  
  30  5:18  Roach x6  
  42  5:29  Lair  
  44  5:35  Drone x2  
  44  5:37  Drone  
  45  5:45  Ravager  
  45  5:46  Ravager x2  
  48  6:01  Drone  
  48  6:02  Drone x3  
  52  6:04  Overlord  
  52  6:41  Extractor  
  52  6:42  Extractor  
  50  6:48  Overlord x2  
  50  6:49  Overlord  
  50  6:54  Roach x5  
  60  7:19  Hydralisk Den  
  60  7:20  Drone x11  
  70  7:36  Drone x4  
  74  7:50  Hydralisk  
  76  7:55  Overlord x4  
  76  8:01  Muscular Augments  
  76  8:10  Evolution Chamber  
  76  8:12  Evolution Chamber  
  74  8:13  Drone x2  
  76  8:33  Hatchery  
  76  8:34  Queen  
  75  8:40  Hydralisk  
  75  8:41  Hydralisk x2  
  79  8:48  Zerg Missile Weapons Level 1  
  83  8:49  Zerg Ground Armor Level 1  
  83  9:31  Roach  
  83  9:32  Roach x7, Hydralisk x4  
  83  9:36  Overlord x2  
  107  9:44  Spire  
  106  9:52  Infestation Pit  
  105  10:09  Hydralisk x4  
  105  10:10  Hydralisk x2  
  117  10:15  Overlord  
  117  10:39  Hydralisk x4  
  123  11:24  Hydralisk  
  116  11:58  Overlord x3  
  116  12:01  Zerg Ground Armor Level 2  
  116  12:02  Zerg Missile Weapons Level 2  
  116  12:42  Hydralisk x12  
  140  13:09  Lurker Den  
  140  13:11  Hive  
  140  13:13  Overlord x6  
  140  13:42  Hatchery  
  139  13:51  Hydralisk  
  139  13:52  Roach x8  
  139  13:53  Roach x3  
  139  13:55  Hydralisk  
  165  14:04  Queen  
  165  14:05  Hatchery  
  166  14:17  Glial Reconstitution  
  166  14:23  Zerg Missile Weapons Level 3  
  57  15:43  Roach x10, Hydralisk  
  57  15:44  Hydralisk x6  
  91  16:23  Hydralisk x6  
  91  16:25  Roach  
  93  17:04  Roach  
  93  17:05  Roach x5  
  42  17:58  Zergling x28  
  35  17:59  Zergling x10  
  49  18:16  Extractor  
  49  18:17  Extractor  
  44  18:36  Roach  
  44  18:37  Roach x7  
  59  19:07  Roach  
  59  19:08  Roach x5  
  70  19:23  Greater Spire  
  23  20:58  Corruptor  
  23  20:59  Corruptor x4  
  23  21:00  Corruptor  
Show
View Real Time Build Order
Export as new Build Order

patriarch Zerg - Winner!

Build Orders: Pool First 

Get SALT Encoding   

  12  0:01  Drone  
  13  0:13  Overlord  
  13  0:25  Drone  
  14  0:37  Drone x2  
  16  0:45  Spawning Pool  
  15  0:52  Drone x2  
  17  1:06  Drone  
  18  1:15  Extractor  
  17  1:31  Drone x3  
  20  1:34  Hatchery  
  19  1:45  Queen  
  21  1:53  Overlord  
  21  1:58  Zergling x2  
  22  2:13  Spine Crawler  
  21  2:17  Zergling x4  
  21  2:18  Spine Crawler  
  20  2:47  Zergling x6  
  23  2:54  Queen  
  22  3:07  Zergling x6  
  25  3:49  Hatchery  
  25  3:51  Baneling Nest  
  25  3:52  Metabolic Boost  
  25  3:54  Drone x3  
  26  4:16  Zergling x8  
  30  4:29  Evolution Chamber  
  29  4:32  Drone  
  29  4:34  Overlord  
  30  4:40  Baneling x4  
  30  4:41  Baneling x3  
  30  5:10  Zerg Ground Armor Level 1  
  30  5:15  Queen  
  32  5:25  Drone x3  
  32  5:26  Drone x6  
  39  6:05  Roach Warren  
  39  6:07  Lair  
  38  6:14  Drone  
  38  6:15  Spine Crawler, Drone x5  
  43  6:26  Overlord x2  
  43  6:49  Roach x3  
  43  6:50  Roach x2  
  53  7:05  Zerg Missile Weapons Level 1  
  53  7:08  Roach x3  
  59  7:26  Overlord x3  
  59  7:27  Overlord  
  59  7:41  Extractor  
  58  7:45  Hydralisk Den  
  57  7:52  Drone x4  
  61  8:06  Extractor  
  61  8:07  Roach x3, Extractor  
  65  8:30  Drone x6  
  68  9:19  Hydralisk  
  68  9:20  Hydralisk x7  
  68  9:21  Hatchery  
  83  9:29  Muscular Augments  
  83  10:02  Pneumatized Carapace  
  83  10:05  Overseer  
  83  10:10  Overlord x3  
  83  10:11  Overlord  
  83  10:40  Zerg Missile Weapons Level 2  
  83  10:44  Glial Reconstitution  
  83  10:46  Evolution Chamber  
  79  11:13  Hydralisk  
  79  11:14  Hydralisk x8  
  79  11:15  Hydralisk x4  
  102  11:51  Hydralisk x4  
  102  11:52  Hydralisk x2  
  114  11:59  Zerg Ground Armor Level 2  
  114  12:23  Zergling x2  
  114  12:25  Overlord  
  114  12:26  Overlord x2  
  114  12:27  Overlord  
  115  12:42  Hatchery  
  114  12:47  Zergling x10  
  114  12:48  Zergling x4  
  120  13:11  Baneling x5  
  120  13:12  Baneling x2  
  120  13:16  Zergling x2  
  120  13:17  Zergling x6  
  124  13:33  Centrifical Hooks  
  124  13:44  Zergling x12  
  124  13:45  Zergling x2  
  131  13:49  Overlord x2  
  131  14:09  Baneling  
  131  14:10  Baneling x7  
  131  14:11  Baneling x7  
  131  14:12  Baneling x6  
  131  14:23  Overseer  
  131  14:35  Queen  
  133  15:08  Infestation Pit  
  55  15:37  Roach  
  55  15:38  Roach x4  
  55  15:39  Zergling x4  
  55  15:40  Zergling x8  
  55  15:41  Zergling x14  
  68  15:53  Extractor  
  68  15:56  Extractor  
  66  16:01  Hive  
  66  16:21  Ravager x2  
  66  16:24  Baneling x4  
  65  16:41  Ravager  
  65  16:42  Ravager  
  65  16:43  Baneling x7  
  65  16:44  Hydralisk, Baneling x2  
  65  16:45  Hydralisk x8  
  65  16:46  Hydralisk x5  
  92  16:47  Hydralisk  
  94  17:13  Zerg Missile Weapons Level 3  
  94  17:25  Zergling x12  
  94  17:26  Zergling x6  
  64  17:55  Zergling x10  
  64  17:56  Zergling x2  
  66  18:25  Hatchery  
  62  18:31  Baneling x2  
  62  18:32  Baneling x7  
  62  18:33  Baneling x3  
  59  18:36  Roach x3  
  65  18:52  Zergling x6  
  66  19:28  Roach x3  
  66  19:29  Roach x2  
  76  19:47  Queen  
  78  20:07  Roach x3  
  81  20:29  Drone x5  
  81  20:32  Drone  
  66  21:20  Zergling x4  
  66  21:21  Zergling x12  
Tags
 
Add a new tag
Caveats
  • Supply blocks, unpowered buildings, or Contaminate may cause inaccurate times.
  • Supply counts are checked every 10 seconds.